 Dungeon Crawl Stone Soup version 0.32-a0-893-gf85d74f360 (webtiles) character file.

Game seed: 15026671102030134284

1235 Biggs the Carver (level 8, -2/58 HPs)
             Began as a Coglin Gladiator on Apr 3, 2024.
             Was a Follower of Okawaru.
             Slain by a hornet (8 damage)
             ... on level 6 of the Dungeon.
             The game lasted 00:07:57 (5234 turns).

Biggs the Carver (Coglin Gladiator)                 Turns: 5234, Time: 00:07:58

Health: -2/58      AC: 15    Str: 15    XL:     8   Next: 49%
Magic:  8/8        EV: 12    Int:  7    God:    Okawaru [*.....]
Gold:   327        SH:  0    Dex: 18    Spells: 7/7 levels left

rFire   . . .        a - +0 long sword {Kanchana}
rCold   . . .        r - +1 short sword (protect) {Citlalmina}
rNeg    . . .        u - +0 ring mail
rPois   .            c - +0 helmet
rElec   .            i - +0 cloak
rCorr   .            q - +0 pair of gloves
SInv    .            (no boots)
Will    .....        (amulet unavailable)
Stlth   +            (ring unavailable)
HPRegen 0.29/turn    (ring unavailable)
MPRegen 0.11/turn    (no gizmo)

%: no passive effects
@: lethally poisoned (-2 -> -4), about to teleport, under a protective aura,
slowed, revved, very slow
A: off-hand wielding, slow wielding, warmup strikes, no jewellery
a: Invent Gizmo, Renounce Religion, Heroism


You were on level 6 of the Dungeon.
You worshipped Okawaru.
Okawaru was aware of your devotion.
You visited 2 branches of the dungeon, and saw 7 of its levels.

You collected 327 gold pieces.

Inventory:

Hand Weapons
 a - a +0 long sword (weapon) {Kanchana}
 f - a +0 dagger {Seoyun}
 r - a +1 short sword of protection (offhand) {Citlalmina}
Missiles
 d - 3 throwing nets (quivered)
 e - a javelin
Armour
 c - a +0 helmet (worn)
 i - a +0 cloak (worn)
 q - a +0 pair of gloves (worn)
 u - a +0 ring mail (worn)
Scrolls
 b - a scroll of teleportation
 g - a scroll of amnesia {unknown}
 h - 5 scrolls of identify
 l - a scroll of enchant weapon
 m - a scroll of revelation {unknown}
 s - a scroll of silence
Potions
 j - a potion of might
 k - a potion of ambrosia
 n - a potion of lignification {unknown}
 o - 3 potions of degeneration {unknown}
 p - a potion of brilliance {unknown}
 t - a potion of resistance {unknown}
 v - a potion of berserk rage {unknown}
 w - a potion of magic {unknown}


   Skills:
 + Level 3.1 Fighting
 - Level 9.0 Long Blades
 - Level 1.7 Throwing
 - Level 5.0 Dodging


You had 7 spell levels left.
You didn't know any spells.
Your spell library contained the following spells:

 Spells                   Type           Power      Damage    Failure   Level
 Sting                    Conj/Alch      0%         1d3       67%         1
 Ensorcelled Hibernation  Hex/Ice        0%         N/A       80%         2
 Mercury Vapours          Alch/Air       0%         N/A       80%         2
 Passwall                 Erth           0%         N/A       95%         3
 Swiftness                Air            0%         N/A       95%         3
 Olgreb's Toxic Radiance  Alch           0%         N/A       100%        4


Dungeon Overview and Level Annotations

Branches:
Dungeon (6/15)             Temple (1/1) D:5

Altars:
Ashenzari
Dithmenos
Elyvilon
Fedhas
Gozag
Hepliaklqana
Kikubaaqudgha
Okawaru
Qazlal
Ru
Sif Muna
Uskayaw
Vehumet
Wu Jian
Xom
Yredelemnul

Annotations:
D:4 1 runed translucent door, Arkalis's ghost, amateur DsBe


Innate Abilities, Weirdness & Mutations

You can wield a second weapon in your off-hand.
It takes a long time for you to wield or remove held weapons.
Your first few attacks do less damage.
You cannot equip rings or amulets.


Message History

You miss the hornet with your +1 short sword of protection.
You slash the hornet with your +0 long sword!
You feel very sick. The hornet completely misses you.
Unknown command.
You barely miss the hornet with your +0 long sword.
The hornet is moderately wounded.
You miss the hornet with your +1 short sword of protection.
You feel sick. The hornet misses you. The hornet stings you!
You are more poisoned.
You suddenly lose the ability to move!
You feel very sick. The hornet stings you.
You shrug off the repeated paralysis!
The hornet stings you.
You feel as though you will be slow longer.
You feel very sick. The hornet completely misses you.
You can move again.
You are too injured to fight recklessly!
Unknown command.
You are too injured to fight recklessly!
You hit the hornet with your +1 short sword of protection.
Your weapon exudes an aura of protection.
The hornet is moderately wounded.
You barely miss the hornet with your +0 long sword.
You feel very sick. The hornet completely misses you.
The hornet closely misses you.
Unknown command.
You hit the hornet but do no damage.
The hornet is moderately wounded.
You slash the hornet with your +0 long sword!
You feel sick. The hornet stings you!
* * * LOW HITPOINT WARNING * * *
You feel as though you will be slow longer.
The hornet closely misses you.
As you read the scroll of teleportation, it crumbles to dust.
You feel strangely unstable.
You feel sick.
The hornet stings you but does no damage.
The hornet stings you!
You die...

#.....#
#.
##....##
#.
##....#
##
##...## #
#.†..#
##...#
##..##
#...#
#@..#
#y...#
#.....# #
#......#
##
#......#
###.
##......#
#...
###...#
.....
#...
.....
#....


You could see a hornet.

Vanquished Creatures
  A water moccasin (D:5)
  An ogre (D:5)
  A kobold brigand (D:4)
  A bullfrog (D:6)
  5 scorpions
  A howler monkey (D:5)
  3 orc priests
  A bombardier beetle (D:4)
  4 hounds
  An orc wizard (D:2)
  Robin (D:2)
  7 gnolls
  10 adders
  2 shadow imps
  A white imp (D:6)
  4 ufetubi (D:6)
  2 dart slugs
  3 ribbon worms
  13 orcs
  9 ball pythons
  3 bats
  4 endoplasms
  2 giant cockroaches (D:1)
  10 goblins
  14 hobgoblins
  4 jackals
  3 kobolds
  2 frilled lizards
  5 rats
118 creatures vanquished.

Notes
Turn   | Place    | Note
-------+----------+-------------------------------------------
     0 | D:1      | Biggs the Coglin Gladiator began the quest for the Orb.
     0 | D:1      | Reached XP level 1. HP: 16/16 MP: 1/1
   173 | D:1      | Reached XP level 2. HP: 11/22 MP: 2/2
  1067 | D:1      | Reached skill level 4 in Long Blades
  1125 | D:2      | Reached XP level 3. HP: 27/27 MP: 3/3
  1155 | D:2      | Noticed Robin
  1173 | D:2      | Killed Robin
  1174 | D:2      | Reached XP level 4. HP: 8/33 MP: 4/4
  1344 | D:2      | Reached skill level 5 in Long Blades
  1434 | D:2      | Found a sacrificial altar of Ru.
  1846 | D:2      | Reached XP level 5. HP: 24/38 MP: 5/5
  1961 | D:3      | Reached skill level 6 in Long Blades
  2338 | D:3      | Found an ancient bone altar of Kikubaaqudgha.
  2373 | D:3      | You fall into a shaft and drop 1 floor!
  2395 | D:4      | Reached XP level 6. HP: 44/44 MP: 6/6
  2460 | D:3      | Reached skill level 7 in Long Blades
  2736 | D:4      | Found a sacrificial altar of Ru.
  2826 | D:4      | Found a blossoming altar of Fedhas.
  2954 | D:4      | Found a runed translucent door.
  2954 | D:4      | Noticed Arkalis's ghost (amateur DsBe)
  3140 | D:4      | Found a stormy altar of Qazlal.
  3263 | D:4      | Found a shimmering blue altar of Sif Muna.
  3537 | D:5      | Entered Level 5 of the Dungeon
  3544 | D:5      | Reached XP level 7. HP: 45/50 MP: 7/7
  3647 | D:5      | Found a staircase to the Ecumenical Temple.
  3669 | D:5      | Reached skill level 8 in Long Blades
  3671 | Temple   | Entered the Ecumenical Temple
  3684 | Temple   | Became a worshipper of Warmaster Okawaru
  3950 | D:5      | Reached skill level 9 in Long Blades
  3958 | D:5      | Reached * piety under Okawaru
  3966 | D:5      | HP: 2/50 [poisoned by a gnoll]
  3970 | D:5      | Reached XP level 8. HP: 17/56 MP: 8/8
  4967 | D:6      | Reached skill level 5 in Dodging
  5002 | D:6      | Found a shadowy altar of Dithmenos.
  5224 | D:6      | Noticed a hornet
  5229 | D:6      | Paralysed by a hornet for 3 turns
  5234 | D:6      | Slain by a hornet

Illustrated notes

Levels and vault maps discovered:
D:1:      elethiomel_arrival_maze, layout_basic, chequers_serial_rivers_small_a,
          nicolae_houndstooth_variations
D:2:      layout_basic, basic_altar, nicolae_the_louvre, uniq_robin
D:3:      layout_rooms, mainiacjoe_overflow_alcove_4, cheibrodos_gnoll_hut
D:4:      layout_rooms, nicolae_sif_muna_condensation,
          nicolae_ru_the_path_less_chosen, mainiacjoe_overflow_24_doors,
          mainiacjoe_overflow_brackets, hellmonk_ghost_happy_afterlife
D:5:      layout_cave_pods, temple_fountains
D:6:      layout_cave_pods, mainiacjoe_overflow_six_doors_small
Temple:   dpeg_chambers_temple

Skill      XL: |  1  2  3  4  5  6  7  8 |
---------------+-------------------------+-----
Long Blades    | 4 5 6 7 9 |  9.0
Dodging        | 3 5 |  5.0
Fighting       | 3 |  3.1
Throwing       | |  1.7

Action                     |  1- 3 |  4- 6 |  7- 9 || total
---------------------------+-------+-------+-------++-------
  Melee: Long sword        |    53 |   119 |   138 ||   310
         Dagger            |    42 |    79 |       ||   121
         Short sword       |       |    23 |   127 ||   150
    Use: Potion            |       |     2 |     3 ||     5
         Scroll            |       |     5 |     1 ||     6
   Stab: Distracted        |       |     1 |       ||     1
         Sleeping          |       |     2 |       ||     2
 Armour: Leather armour    |    32 |    69 |       ||   101
         Ring mail         |       |     5 |    98 ||   103
  Dodge: Dodged            |    36 |    77 |    87 ||   200

Table legend: (Time is in decaauts)
 A = Elapsed time spent in this place.
 B = Non-inter-level travel time spent in this place.
 C = Inter-level travel time spent in this place.
 D = Time resting spent in this place.
 E = Time spent auto-exploring this place.
 F = Levels seen in this place.
 G = Mean time per level.
                   A        B        C        D        E       F      G
               +--------+--------+--------+--------+--------+-----+--------+
         Total |   5218 |   4972 |    246 |    110 |   4109 |   7 |  745.4 |
       Dungeon |   5191 |   4969 |    222 |    110 |   4109 |   6 |  865.2 |
        Temple |     26 |      2 |     24 |      0 |      0 |   1 |   26.0 |
               +--------+--------+--------+--------+--------+-----+--------+

Top non-repeatable levels by time:
     D:5: 1165 daAuts
     D:1: 1121 daAuts
     D:4: 906 daAuts
     D:3: 801 daAuts
     D:2: 709 daAuts
     D:6: 486 daAuts
  Temple: 26 daAuts
